 Dungeon Crawl Stone Soup version 0.31-a0-233-g139696dc86 (webtiles) character file.

Game seed: 12033530624506542471

23 Olga the Shield-Bearer (level 3, -3/31 HPs)
             Began as a Meteoran Fighter on July 8, 2023.
             Slain by an orc priest
             ... wielding a +0 club
              (4 damage)
             ... on level 3 of the Dungeon.
             The game lasted 00:02:04 (304 turns).

Olga the Shield-Bearer (Meteoran Fighter)            Turns: 304, Time: 00:02:06

Health: -3/31      AC:  9    Str: 19    XL:     3   Next: 26%
Magic:  4/4        EV:  8    Int:  9    God:
Gold:   47         SH:  5    Dex: 14    Spells: 2/2 levels left

rFire   . . .        a - +0 flail
rCold   . . .        c - +0 buckler
rNeg    . . .        f - +0 chain mail
rPois   .            (no helmet)
rElec   .            (no cloak)
rCorr   .            (no gloves)
SInv    .            (no boots)
Will    .....        (no amulet) Stlth
                     (no ring)
HPRegen 0.25/turn    (no ring)
MPRegen 0.09/turn

%: no passive effects
@: glowing
A: sense surroundings 1, otherworldly, glowing, explore regen
a: no special abilities


You were on level 3 of the Dungeon.
You visited 1 branch of the dungeon, and saw 3 of its levels.

You collected 47 gold pieces.

Inventory:

Hand Weapons
 a - a +0 flail (weapon)
Armour
 c - a +0 buckler (worn)
 f - a +0 chain mail (worn)
Scrolls
 b - a scroll of enchant weapon {unknown}
 e - a scroll of teleportation
Potions
 d - a potion of might
 g - a potion of mutation {unknown}
 h - a potion of resistance {unknown}


   Skills:
 + Level 3.5 Fighting
 * Level 3.4 Maces & Flails
 + Level 3.8 Armour
 + Level 0.9 Dodging
 + Level 3.8 Shields


You had 2 spell levels left.
You didn't know any spells.
Your spell library was empty.

Dungeon Overview and Level Annotations

Branches:
Dungeon (3/15) Zot: 1480

Altars:

Annotations:
D:2 Sigmund


Innate Abilities, Weirdness & Mutations

You passively map a small area around you.
You are easily found by Zot.
You glow in the dark.
You regain HP and MP as you explore.


Message History

The orc shouts!
The orc barely misses you.
You see here a +0 club.
You sock the orc!
You kill the orc!
An orc priest comes into view. It is wielding a +0 club.
The orc priest shouts!
You hit the orc.
The orc is severely wounded.
The orc priest calls down the wrath of Beogh upon you.
Beogh smites you! The orc hits you but does no damage.
You block the orc's attack.
Unknown command.
You closely miss the orc.
The orc is severely wounded.
You block the orc's attack.
You see here a +0 club.
You hit the orc.
The orc is almost dead.
You barely miss the orc.
The orc is almost dead.
The orc hits you but does no damage. The orc priest closely misses you.
The orc hits you with a +0 war axe!
You hit the orc priest but do no damage.
The orc priest miscasts a cantrip.
The orc closely misses you.
You hit the orc priest.
The orc priest is moderately wounded.
The orc priest hits you but does no damage.
The orc barely misses you.
You closely miss the orc priest.
The orc priest is moderately wounded.
The orc priest closely misses you. The orc closely misses you.
You barely miss the orc priest.
The orc priest is moderately wounded.
The orc priest invokes the aid of Beogh against you.
Beogh smites you!
* * * LOW HITPOINT WARNING * * *
The orc barely misses you. The orc priest hits you with a +0 club.
You die...

#...........## ,
,
###..........#,,
, , ###.......##
, , ##......####
, , , , *
######....# ,
,,,, , , ####.#*
, * , #o#*## , *
#.##.#####* * ,
#.#@.....# , ,
#)oo.###.# * *
#.#.## * , , , ,
, ...#.# ,*
#####.# ,* * *
#.. ,* * #.# #.#
* .# , *


You could see an orc priest and an orc.

Vanquished Creatures
  A worm (D:3)
  2 orcs (D:3)
  2 endoplasms (D:1)
  A goblin (D:2)
  A hobgoblin (D:1)
  2 jackals (D:3)
  2 ball pythons
  2 bats (D:1)
  A frilled lizard (D:1)
  2 kobolds (D:1)
  A rat (D:1)
17 creatures vanquished.

Notes
Turn   | Place    | Note
-------+----------+-------------------------------------------
     0 | D:1      | Olga the Meteoran Fighter began the quest for the Orb.
     0 | D:1      | Reached XP level 1. HP: 19/19 MP: 2/2
    80 | D:1      | Reached XP level 2. HP: 3/26 MP: 3/3
   233 | D:2      | Noticed Sigmund
   267 | D:3      | Reached XP level 3. HP: 28/31 MP: 4/4
   304 | D:3      | HP: 1/31 [orc priest/divine providence (14)]
   304 | D:3      | Slain by an orc priest

Illustrated notes

Levels and vault maps discovered:
D:1:      shiori_arrival_oz, layout_rooms, chequers_ecumenical_altar_twisty,
          serial_corexii_hall, corexii_hall_statues_deadend,
          corexii_hall_statues_s, chequers_hall_statues_y,
          chequers_hall_statues_corner_a, minmay_pentomino_x4
D:2:      layout_rooms, kennysheep_nub, uniq_sigmund
D:3:      kennysheep_big_flooded_room, layout_loops_cross, elyvilon_altar_3

Skill      XL: |  1  2 |
---------------+-------+-----
Maces & Flails | 3 |  3.4
Fighting       | |  3.5
Armour         | |  3.8
Dodging        | |  0.9
Shields        | |  3.8

Action                     || total
---------------------------++-------
  Melee: Flail             ||    52
    Use: Scroll            ||     1
 Armour: Chain mail        ||    34
         Scale mail        ||     2
  Dodge: Dodged            ||    27
  Block: Buckler           ||    12

Table legend: (Time is in decaauts)
 A = Elapsed time spent in this place.
 B = Non-inter-level travel time spent in this place.
 C = Inter-level travel time spent in this place.
 D = Time resting spent in this place.
 E = Time spent auto-exploring this place.
 F = Levels seen in this place.
 G = Mean time per level.
                   A        B        C        D        E       F      G
               +--------+--------+--------+--------+--------+-----+--------+
         Total |    317 |    317 |      0 |      7 |      0 |   3 |  105.7 |
       Dungeon |    317 |    317 |      0 |      7 |      0 |   3 |  105.7 |
               +--------+--------+--------+--------+--------+-----+--------+

Top non-repeatable levels by time:
     D:1: 224 daAuts
     D:3: 59 daAuts
     D:2: 33 daAuts
